Map: Ice and Chrome LE

Players

Astrea

  • Race: Protoss Protoss
  • League: Master
  • Spawn Location: 1:00

YoutubeTY (TY) - Winner!

  • Race: Terran Terran
  • League: Master
  • Spawn Location: 7:00

Event: War Chest Team League

VOD

Have the link to the VOD?

Description

Time

  • Played on: Aug. 14, 2020, 11:52 a.m.
  • Length: 13:16
Show
View Real Time Build Order
Export as new Build Order

Astrea Protoss 

Build Orders: 1 Gate Expand 

Get SALT Encoding   

  12  0:00  Probe  
  13  0:12  Probe  
  14  0:17  Pylon  
  14  0:24  Probe (Chrono Boost)  
  16  0:36  Probe (Chrono Boost)  
  16  0:37  Gateway  
  16  0:43  Probe (Chrono Boost)  
  16  0:46  Assimilator  
  17  0:51  Probe  
  18  1:03  Probe  
  19  1:15  Probe  
  20  1:25  Cybernetics Core  
  20  1:32  Nexus  
  20  1:39  Pylon  
  20  1:41  Probe  
  21  1:48  Assimilator  
  21  1:53  Probe  
  22  1:58  Warp Gate (Chrono Boost)  
  22  2:02  Stalker  
  22  2:06  Probe  
  24  2:18  Probe  
  25  2:24  Gateway  
  25  2:26  Gateway  
  25  2:30  Probe  
  25  2:34  Sentry  
  28  2:40  Shield Battery  
  28  2:44  Probe  
  28  2:46  Probe  
  30  2:56  Probe  
  31  2:58  Probe  
  31  3:00  Stalker  
  34  3:08  Pylon  
  34  3:09  Probe  
  34  3:11  Probe  
  36  3:22  Probe  
  37  3:28  Stalker x2  
  39  3:34  Probe  
  39  3:40  Pylon  
  39  3:46  Probe  
  39  3:57  Stalker x3  
  45  4:04  Probe  
  45  4:05  Robotics Facility  
  42  4:17  Probe x2  
  43  4:29  Probe x2  
  42  4:41  Probe x2  
  41  4:52  Observer (Chrono Boost)  
  41  4:54  Probe x2  
  41  5:06  Probe (Chrono Boost)  
  43  5:07  Probe (Chrono Boost)  
  37  5:19  Probe x2 (Chrono Boost)  
  39  5:24  Probe x2 (Chrono Boost)  
  39  5:33  Probe (Chrono Boost)  
  39  5:35  Warp Prism  
  43  5:37  Probe (Chrono Boost)  
  44  5:44  Probe (Chrono Boost)  
  44  5:47  Twilight Council, Probe (Chrono Boost)  
  44  5:48  Probe (Chrono Boost)  
  45  5:57  Probe  
  45  5:59  Probe, Pylon  
  49  6:11  Probe (Chrono Boost), Observer  
  49  6:12  Probe (Chrono Boost)  
  50  6:18  Twilight Council  
  50  6:23  Probe (Chrono Boost), Charge  
  50  6:25  Probe (Chrono Boost), Forge  
  52  6:32  Probe (Chrono Boost)  
  54  6:33  Probe (Chrono Boost)  
  54  6:37  Probe (Chrono Boost)  
  54  6:39  Probe (Chrono Boost)  
  56  6:40  Observer  
  56  6:41  Adept x3  
  56  6:46  Assimilator  
  63  6:47  Probe  
  63  6:49  Assimilator  
  63  6:50  Probe  
  63  6:53  Pylon  
  63  6:56  Pylon  
  63  7:00  Probe  
  64  7:02  Probe, Stalker x2  
  69  7:11  Immortal, Pylon  
  69  7:15  Pylon  
  73  7:24  Probe x2  
  72  7:38  Probe  
  72  7:42  Stalker x3  
  78  7:49  Probe  
  75  7:53  Observer  
  75  7:59  Probe (Chrono Boost)  
  75  8:01  Probe (Chrono Boost)  
  75  8:05  Protoss Ground Armor Level 1  
  77  8:10  Probe (Chrono Boost)  
  77  8:11  Probe (Chrono Boost)  
  78  8:15  Probe (Chrono Boost)  
  78  8:18  Probe  
  78  8:19  Templar Archives  
  80  8:26  Gateway x2  
  80  8:27  Gateway  
  80  8:28  Gateway  
  80  8:30  Sentry  
  80  8:33  Zealot x2  
  85  8:38  Probe  
  85  8:39  Probe, Pylon  
  85  8:40  Psionic Storm  
  87  8:44  Immortal  
  91  8:49  Pylon  
  89  9:09  High Templar  
  91  9:10  Nexus  
  91  9:23  High Templar  
  93  9:25  Zealot x4  
  101  9:39  Pylon x2  
  101  9:41  Pylon, Nexus  
  101  9:52  Blink (Chrono Boost)  
  101  10:07  High Templar x2  
  101  10:25  Zealot x5  
  101  10:27  Nexus  
  111  10:31  Pylon  
  110  10:42  Protoss Ground Weapons Level 1 (Chrono Boost)  
  110  10:43  Immortal  
  113  10:54  Zealot x5, High Templar x2  
  125  10:59  Archon  
  125  11:00  Nexus  
  125  11:03  Pylon  
  121  11:12  Probe x2  
  117  11:22  High Templar x2  
  117  11:24  Probe x2  
  115  11:30  Observer  
  116  11:36  Probe x2  
  116  11:39  Zealot x5  
  116  11:50  Probe  
  116  11:51  Probe  
  116  12:07  Archon  
  112  12:09  Zealot x7  
  122  12:18  Probe x2  
  124  12:33  Zealot x7  
  130  12:40  Shield Battery x2  
  130  12:43  Archon  
  126  12:56  Zealot x7  
Show
View Real Time Build Order
Export as new Build Order

YoutubeTY Terran - Winner!

Build Orders: 1/1/1 

Get SALT Encoding   

  12  0:00  SCV  
  13  0:12  SCV  
  14  0:17  Supply Depot  
  14  0:24  SCV  
  15  0:39  SCV  
  15  0:40  Barracks  
  16  0:45  Refinery  
  16  0:51  SCV  
  16  0:54  Refinery  
  17  1:03  SCV  
  18  1:15  SCV  
  19  1:27  Marine  
  19  1:29  Orbital Command  
  20  1:33  Factory  
  20  1:41  Supply Depot  
  20  1:50  Barracks Reactor  
  20  1:56  SCV  
  21  2:08  SCV  
  22  2:17  Supply Depot  
  22  2:21  SCV  
  23  2:23  Starport  
  23  2:29  Hellion  
  25  2:30  Hellion  
  25  2:33  SCV  
  28  2:45  SCV  
  28  2:50  Hellion  
  31  2:52  Hellion  
  31  2:54  Supply Depot  
  33  3:00  Medivac  
  35  3:08  Armory  
  35  3:12  Widow Mine  
  37  3:15  Widow Mine  
  37  3:18  Barracks Reactor  
  39  3:24  SCV  
  36  3:37  SCV  
  36  3:39  Widow Mine x2  
  36  3:41  Starport Tech Lab  
  37  3:54  Marine x2  
  40  3:59  Raven  
  41  4:03  Command Center  
  43  4:10  Widow Mine  
  43  4:17  Bunker, Marine  
  43  4:20  Marine  
  45  4:34  SCV  
  45  4:35  Marine  
  47  4:43  Supply Depot  
  47  4:49  Supply Depot  
  47  5:10  Marine x2, Liberator  
  52  5:16  SCV  
  51  5:21  Siege Tank  
  51  5:24  Orbital Command  
  51  5:28  SCV, Marine x2  
  55  5:40  SCV  
  56  5:44  Orbital Command  
  56  5:46  Marine x2  
  58  5:53  Siege Tank  
  58  5:54  Starport Tech Lab  
  61  5:58  SCV  
  61  6:01  Barracks x2  
  62  6:09  SCV  
  62  6:10  SCV  
  63  6:14  Marine x2  
  65  6:21  SCV  
  65  6:23  Starport Reactor  
  65  6:24  SCV  
  70  6:35  SCV  
  70  6:36  SCV  
  70  6:37  Supply Depot, Marine x2  
  70  6:39  Supply Depot  
  69  6:47  SCV  
  69  6:49  Supply Depot  
  69  6:50  Supply Depot  
  70  6:55  Factory Tech Lab  
  70  6:58  SCV  
  70  6:59  SCV  
  72  7:05  Refinery  
  71  7:10  SCV, Stimpack, Marauder x2  
  71  7:11  SCV  
  75  7:19  Marine x2  
  75  7:23  SCV  
  75  7:24  SCV  
  80  7:30  Siege Tank  
  80  7:31  Marine x2  
  80  7:35  SCV  
  80  7:36  SCV  
  84  7:37  Medivac  
  84  7:41  Viking  
  84  7:43  Marine x2  
  88  7:52  Combat Shield, Engineering Bay  
  88  7:56  Marauder  
  85  8:02  SCV x2  
  85  8:04  Siege Tank  
  90  8:07  Marine x2  
  90  8:08  Marauder  
  94  8:15  SCV x2  
  94  8:16  Supply Depot x2  
  96  8:20  Marine  
  96  8:25  Marine  
  99  8:27  SCV  
  99  8:28  Command Center  
  101  8:36  Refinery  
  101  8:37  Marine x2  
  101  8:40  Viking x2  
  105  8:43  SCV x2  
  105  8:44  Marine x2  
  109  8:56  Marine  
  109  8:57  Marine  
  109  8:59  Siege Tank  
  109  9:01  SCV x2  
  116  9:09  Concussive Shells  
  116  9:10  Supply Depot  
  116  9:11  Supply Depot, Terran Infantry Weapons Level 1  
  116  9:13  SCV x2  
  116  9:14  Barracks  
  116  9:15  Barracks  
  118  9:32  Marine x2  
  118  9:34  Marine x2  
  122  9:38  Supply Depot  
  122  9:39  Medivac x2  
  122  9:40  Supply Depot  
  122  9:44  Orbital Command  
  122  9:45  Ghost Academy  
  125  9:54  Marine x2  
  125  9:56  Marauder x2  
  125  9:59  SCV  
  133  10:15  Marine x2  
  133  10:16  Barracks Reactor, Orbital Command  
  133  10:17  Barracks Tech Lab  
  134  10:21  Medivac x2  
  134  10:28  SCV x2  
  141  10:35  Marine x2  
  141  10:38  Drilling Claws, Widow Mine  
  141  10:40  SCV x2  
  147  10:43  SCV  
  149  10:53  Marine x3  
  149  10:56  Unknown x2, Missile Turret  
  149  10:57  Marine x2  
  153  10:59  Missile Turret  
  153  11:01  SCV x2  
  154  11:05  Medivac  
  154  11:06  Marine  
  154  11:09  Widow Mine  
  154  11:11  Marine  
  160  11:17  Marauder, Marine  
  163  11:20  Unknown, Marauder  
  165  11:30  Supply Depot x2  
  165  11:34  Engineering Bay  
  165  11:43  Marine  
  165  11:44  Medivac  
  162  11:50  Widow Mine  
  162  11:51  Marine  
  162  11:52  Marauder x2, Marine  
  170  11:56  Supply Depot x2  
  170  11:57  Supply Depot  
  161  12:10  Marauder, Marine x2  
  161  12:13  Marauder  
  162  12:17  Widow Mine  
  162  12:19  SCV  
  167  12:25  Marine x2  
  167  12:26  Marauder  
  167  12:28  Medivac x2  
  173  12:31  Marauder, Marine x2  
  173  12:35  Marauder  
  173  12:43  Marine x2  
  171  12:47  Marauder, Widow Mine  
  175  12:53  Marauder  
Tags
 
Add a new tag
Caveats
  • Supply blocks, unpowered buildings, or Contaminate may cause inaccurate times.
  • Supply counts are checked every 10 seconds.